 Dungeon Crawl Stone Soup version 0.27-a0-423-gf312af23e9 (webtiles) character file.

Game seed: 4800856384695635191

48982 rageheart7 the Brawler (level 14, -2/144 HPs)
             Began as a Troll Delver on Feb 26, 2021.
             Was an Initiate of Uskayaw.
             Slain by a centaur warrior simulacrum (6 damage)
             ... in a Gauntlet.
             The game lasted 00:33:41 (15965 turns).

rageheart7 the Brawler (Troll Delver)              Turns: 15965, Time: 00:33:42

Health: -2/144     AC: 15    Str: 24    XL:     14   Next: 14%
Magic:  13/16      EV: 14    Int:  6    God:    Uskayaw [......]
Gold:   1997       SH:  0    Dex: 20    Spells: 13/13 levels left

rFire    . . .     SeeInvis +     - Unarmed
rCold    . . .     Faith    .   (no shield)
rNeg     . . .     Spirit   .   C - +0 swamp dragon scales
rPois    +         Reflect  .   (helmet restricted)
rElec    .         Harm     .   s - +2 cloak {rCorr}
rCorr    +         Rampage  .   (gloves unavailable)
Will     ++...     NoTele   +   (boots unavailable)
Stlth    ++........             H - amulet of regeneration
HPRegen  2.34/turn              z - +6 ring of dexterity
MPRegen  0.15/turn              F - ring of see invisible

@: no status effects
A: large, unfitting armour, claws 3, horns 1, strong-willed 1, regeneration 1,
shaggy fur 1, tough skin 1
a: Renounce Religion


You were in a Gauntlet.
You worshipped Uskayaw.
Uskayaw was noncommittal.
You visited 3 branches of the dungeon, and saw 18 of its levels.
You also visited: Sewer and Gauntlet.

You collected 1997 gold pieces.

Inventory:

Hand Weapons
 D - a +5 demon trident
 O - the +5 arbalest of Hehicunenk {vorpal, rPois rC++ Int+10 Dex+3}
   (You found it on level 13 of the Dungeon)

   Any bolt fired from it inflicts extra damage.
   It affects your intelligence (+10).
   It affects your dexterity (+3).
   It greatly protects you from cold.
   It protects you from poison.
Missiles
 h - 42 boomerangs (quivered)
 B - 11 silver javelins
 E - 4 javelins
Armour
 o - a +2 robe of positive energy
 s - a +2 cloak of preservation (worn)
 C - +0 swamp dragon scales (worn)
 K - a +2 kite shield of fire resistance
 L - a +0 tower shield
 M - a +0 troll leather armour
Jewellery
 a - an amulet of faith
 y - a +6 ring of dexterity
 z - a +6 ring of dexterity (left claw)
 A - a +4 ring of evasion
 F - a ring of see invisible (right claw)
 H - an amulet of regeneration (around neck)
 P - a ring of wizardry
 Q - an amulet of reflection
 R - a ring of protection from cold
Wands
 f - a wand of digging (3)
 j - a wand of acid (28)
 l - a wand of polymorph (8)
 r - a wand of random effects (6)
 t - a wand of paralysis (16)
 I - a wand of charming (7)
 N - a wand of mindburst (8)
Scrolls
 b - 7 scrolls of fog
 c - 3 scrolls of magic mapping
 d - 2 scrolls of fear
 i - 8 scrolls of enchant armour
 k - 12 scrolls of teleportation
 n - 8 scrolls of enchant weapon
 p - 6 scrolls of amnesia
 x - 2 scrolls of brand weapon
 G - 6 scrolls of identify
Potions
 e - 3 potions of haste
 g - 5 potions of brilliance
 m - 10 potions of curing
 q - 2 potions of might
 u - 7 potions of heal wounds
 v - a potion of cancellation
 w - 2 potions of flight
 J - 2 potions of attraction


   Skills:
 * Level 10.6 Fighting
 - Level 9.4 Armour
 - Level 7.0 Dodging
 - Level 2.7 Stealth
 - Level 15.6 Unarmed Combat
 * Level 4.4 Invocations


You had 13 spell levels left.
You didn't know any spells.
Your spell library contained the following spells:

 Spells                   Type           Power        Failure   Level
 Animate Skeleton         Necr           0%           56%         1
 Apportation              Tloc           0%           56%         1
 Corona                   Hex            0%           56%         1
 Foxfire                  Conj/Fire      0%           56%         1
 Magic Dart               Conj           0%           56%         1
 Summon Small Mammal      Summ           0%           56%         1
 Call Imp                 Summ           0%           71%         2
 Ensorcelled Hibernation  Hex/Ice        0%           71%         2
 Searing Ray              Conj           0%           71%         2
 Call Canine Familiar     Summ           0%           91%         3
 Confusing Touch          Hex            0%           91%         3
 Conjure Flame            Conj/Fire      0%           91%         3
 Dazzling Flash           Conj/Hex       0%           91%         3
 Inner Flame              Hex/Fire       0%           91%         3
 Summon Guardian Golem    Hex/Summ       0%           91%         3
 Tukima's Dance           Hex            0%           91%         3
 Fulminant Prism          Conj/Hex       0%           100%        4
 Iskenderun's Mystic Bla  Conj/Tloc      0%           100%        4
 Sticky Flame             Conj/Fire      0%           100%        4
 Summon Ice Beast         Ice/Summ       0%           100%        4
 Summon Lightning Spire   Summ/Air       0%           100%        4
 Bolt of Magma            Conj/Fire/Erth 0%           100%        5
 Fireball                 Conj/Fire      0%           100%        5
 Iskenderun's Battlesphe  Conj           0%           100%        5
 Iron Shot                Conj/Erth      0%           100%        6
 Orb of Destruction       Conj           0%           100%        7
 Spellforged Servitor     Conj/Summ      0%           100%        7


Dungeon Overview and Level Annotations

Branches:
Dungeon (15/15)            Temple (1/1) D:4            Lair (2/6) D:10
 Spider (0/4) Lair:2          Orc (0/2) D:12         Vaults (0/5) D:13
 Depths (0/5) D:15          Sewer (visited)         Gauntlet (1/1)
  Swamp: Lair:2-4    Shoals: Lair:2-4

Altars:
Ashenzari
Cheibriados
Dithmenos
Elyvilon
Fedhas
Gozag
Hepliaklqana
Kikubaaqudgha
Makhleb
Nemelex Xobeh
Okawaru
Qazlal
Ru
Sif Muna
Trog
Uskayaw
Vehumet
Wu Jian
Xom
Yredelemnul
Zin
The Shining One

Annotations:
D:13 3 runed translucent doors, HendSelp's ghost, journeyman GnFi; Lobster4's ghost, journeyman HaHu; Orlauf's ghost, journeyman DsGl
D:14 exclusion: oklob plant Gauntlet 6 transporters


Innate Abilities, Weirdness & Mutations

You are too large for most types of armour.
You have claws for hands.
Your natural rate of healing is unusually fast.
You are covered in fur. (AC +1)
You have tough skin. (AC +1)
You have a pair of small horns on your head.
You are strong-willed. (Will+)


Message History

The harpy simulacrum claws you! The harpy simulacrum freezes you!!
The centaur warrior simulacrum hits you.
The centaur warrior simulacrum freezes you!
The harpy simulacrum closely misses you.
The harpy simulacrum claws you. The harpy simulacrum freezes you!
* * * LOW HITPOINT WARNING * * *
The wolf spider simulacrum barely misses you.
The wolf spider simulacrum bites you but does no damage.
Okay, then.
You feel much better. The harpy simulacrum claws you!
The harpy simulacrum freezes you!!
The harpy simulacrum claws you but does no damage.
The wolf spider simulacrum closely misses you.
The wolf spider simulacrum barely misses you.
The harpy simulacrum misses you. The harpy simulacrum claws you.
The harpy simulacrum freezes you!
* * * LOW HITPOINT WARNING * * *
The centaur warrior simulacrum closely misses you.
The wolf spider simulacrum hits you but does no damage.
The wolf spider simulacrum bites you but does no damage.
The wolf spider simulacrum closely misses you.
The wolf spider simulacrum misses you.
You stomp with the beat, sending a shockwave through the revellers around you!
The wolf spider simulacrum is moderately damaged.
The harpy simulacrum is heavily damaged.
The centaur warrior simulacrum is moderately damaged.
The wolf spider simulacrum is moderately damaged.
You can no longer stomp with the beat.
The harpy simulacrum claws you.
* * * LOW HITPOINT WARNING * * *
The harpy simulacrum freezes you!
* * * LOW HITPOINT WARNING * * *
The harpy simulacrum claws you but does no damage.
The harpy simulacrum claws you!
* * * LOW HITPOINT WARNING * * *
The harpy simulacrum freezes you!
* * * LOW HITPOINT WARNING * * *
The harpy simulacrum barely misses you.
The centaur warrior simulacrum hits you.
You die...

...... ......
§............ ...... ≈
........... § ###### ..
######### .. .##.## ..#
.[.©(}. #..
.##..#.#...#....... .###
.©..##.#...#..#...#..#©.
###.##$###.#.......P.###
.##...©#©#.#...Z@Z...#..
....##.#.#.#...Z°Z...#..
.##.##?#.#.#..#...#..#..
.##....#.#.#......P..#..
....##J#.#.#.........#..
########.#############..
≈≈8≈≈≈≈#........©#......
########.#########.....≈
#......#.#..........####


You could see a harpy simulacrum, 2 wolf spider simulacra and a centaur warrior
simulacrum.

Vanquished Creatures
  Rupert (D:14)
  Azrael (D:14)
  A vault guard (D:13)
  3 hydras
  5 centaur warriors
  5 two-headed ogres
  2 tengu warriors (D:13)
  A death yak (Lair:1)
  Urug (D:10)
  4 skeletal warriors (D:12)
  An unseen horror (D:14)
  A flayed ghost (D:15)
  A deep elf pyromancer (D:13)
  Pikel (D:6)
  3 ugly things (D:15)
  3 manticores
  A worldbinder (Gauntlet)
  3 centaur zombies
  A gargoyle (D:12)
  A cane toad (Lair:1)
  3 kobold demonologists (D:14)
  2 centaur skeletons
  A rime drake (Lair:1)
  Maggie (D:10)
  5 komodo dragons
  A tengu conjurer (D:13)
  2 trolls (D:12)
  3 meliai (D:14)
  A polar bear (Lair:1)
  4 slime creatures (D:14)
  A raiju (Gauntlet)
  2 hornets
  Prince Ribbit (D:6)
  5 blink frogs (Lair:2)
  A centaur simulacrum (Gauntlet)
  A spriggan (shapeshifter) (D:14)
  The ghost of sahdkjhfkaj the Slasher, an amateur SpBe of Trog (D:8)
  3 wyverns
  A basilisk (D:13)
  A wraith (D:8)
  A vampire (D:11)
  31 yaks
  4 fire elementals
  The ghost of krigyl the Chopper, an amateur DrBe of Trog (D:3)
  A water elemental (D:12)
  A steam dragon (Gauntlet)
  4 vampire mosquitoes
  A soldier ant (D:13)
  5 water moccasins
  Duvessa (D:7)
  8 orc warriors
  3 hell hounds (D:14)
  A necrophage (D:10)
  3 sky beasts
  5 black bears
  A hornet zombie (D:14)
  6 ice beasts
  6 ogres
  3 boggarts (Gauntlet)
  3 eyes of draining
  2 phantoms
  10 centaurs
  2 lemures (D:6)
  5 kobold brigands
  Blork the orc (D:5)
  20 bullfrogs
  3 wyvern zombies
  2 gnoll sergeants
  A wyvern skeleton (D:12)
  9 scorpions
  Dowan (D:7)
  14 killer bees
  34 wights
  3 howler monkeys
  8 electric eels
  2 bullfrog zombies
  7 hounds
  A jelly (D:12)
  3 quasits
  Crazy Yiuf (D:6)
  5 orc priests
  3 bullfrog skeletons
  3 iguanas
  10 orc wizards
  12 worker ants
  A hound skeleton (D:7)
  3 worker ant zombies
  9 gnolls
  7 adders
  7 river rats
  2 shadow imps
  5 white imps
  An ufetubus (D:9)
  3 oozes (Sewer)
  2 adder zombies
  3 worms
  A dart slug (D:1)
  6 leopard geckos
  32 orcs
  6 giant cockroaches
  7 hobgoblins
  14 jackals
  29 kobolds
  5 quokkas
  8 ball pythons
  9 bats
  6 frilled lizards
  3 goblins
  30 rats
530 creatures vanquished.

Vanquished Creatures (others)
  12 demonic plants (Gauntlet)
  2 fungi
  9 plants
  20 withered plants
43 creatures vanquished.

Grand Total: 573 creatures vanquished

Notes
Turn   | Place    | Note
-------+----------+-------------------------------------------
     0 | D:5      | rageheart7 the Troll Delver began the quest for the Orb.
     0 | D:5      | Reached XP level 1. HP: 22/22 MP: 0/0
    39 | D:5      | Noticed a centaur
    50 | D:5      | Killed a centaur
    51 | D:5      | Reached skill level 3 in Unarmed Combat
    51 | D:5      | Reached XP level 2. HP: 17/31 MP: 1/1
    51 | D:5      | Reached XP level 3. HP: 20/37 MP: 2/2
    51 | D:5      | Reached XP level 4. HP: 25/45 MP: 3/3
   249 | D:5      | Noticed Blork the orc
   254 | D:5      | Killed Blork the orc
   255 | D:5      | Reached skill level 4 in Unarmed Combat
   255 | D:5      | Reached XP level 5. HP: 49/54 MP: 4/4
   483 | D:3      | Found a faded altar of an unknown god.
   486 | D:3      | Reached XP level 6. HP: 62/62 MP: 5/5
   528 | D:3      | Noticed krigyl's ghost (amateur DrBe)
   529 | D:3      | Found a runed translucent gate.
   530 | D:3      | Found a runed translucent gate.
   530 | D:3      | Found a runed translucent gate.
   627 | D:3      | Found a blossoming altar of Fedhas.
   942 | D:2      | Reached skill level 5 in Unarmed Combat
  2564 | D:3      | Killed krigyl's ghost
  2565 | D:3      | Reached skill level 6 in Unarmed Combat
  2565 | D:3      | Reached XP level 7. HP: 54/71 MP: 6/6
  2652 | D:4      | Found a staircase to the Ecumenical Temple.
  2669 | Temple   | Entered the Ecumenical Temple
  2832 | Temple   | Became a worshipper of Uskayaw the Reveller
  2845 | D:4      | Reached * piety under Uskayaw
  2848 | D:4      | Reached ** piety under Uskayaw
  2856 | D:4      | Reached *** piety under Uskayaw
  2859 | D:4      | Reached **** piety under Uskayaw
  3248 | D:5      | Reached skill level 7 in Unarmed Combat
  3363 | D:5      | Reached ***** piety under Uskayaw
  3458 | D:5      | Noticed a yak
  3458 | D:5      | Noticed a yak
  3458 | D:5      | Noticed a yak
  3458 | D:5      | Noticed a yak
  3459 | D:5      | Noticed a yak
  3505 | D:5      | Killed a yak
  3506 | D:5      | Reached skill level 8 in Unarmed Combat
  3506 | D:5      | Reached XP level 8. HP: 61/79 MP: 7/7
  3578 | D:5      | Reached skill level 5 in Fighting
  3578 | D:5      | Reached skill level 9 in Unarmed Combat
  3584 | D:5      | Reached skill level 10 in Unarmed Combat
  3764 | D:5      | Found a sacrificial altar of Ru.
  3767 | D:5      | Found a glowing silver altar of Zin.
  3769 | D:5      | Found a shadowy altar of Dithmenos.
  3935 | D:5      | Gained mutation: You tend to lose your temper in combat.
                  | [potion of mutation]
  3935 | D:5      | Gained mutation: You are strong-willed. (Will+) [potion of
                  | mutation]
  4020 | D:6      | Reached XP level 9. HP: 72/88 MP: 4/8
  4036 | D:6      | Found a glowing drain.
  4040 | Sewer    | Entered a sewer
  4528 | D:6      | Noticed Prince Ribbit
  4542 | D:6      | Killed Prince Ribbit
  4578 | D:6      | Found a broken altar of Ashenzari.
  4623 | D:6      | Noticed Pikel
  4638 | D:6      | Killed Pikel
  4639 | D:6      | Reached skill level 11 in Unarmed Combat
  5000 | D:6      | Found a runed translucent door.
  5001 | D:6      | Noticed Crazy Yiuf
  5005 | D:6      | Killed Crazy Yiuf
  5077 | D:7      | Reached skill level 12 in Unarmed Combat
  5116 | D:7      | Noticed Duvessa
  5117 | D:7      | Noticed Dowan
  5121 | D:7      | Killed Dowan
  5146 | D:7      | Killed Duvessa
  5310 | D:7      | Reached ****** piety under Uskayaw
  5431 | D:7      | Reached XP level 10. HP: 98/98 MP: 9/9
  6267 | D:8      | Noticed a two-headed ogre
  6284 | D:8      | Reached skill level 13 in Unarmed Combat
  6287 | D:8      | Killed a two-headed ogre
  6820 | D:8      | Reached skill level 14 in Unarmed Combat
  7305 | D:8      | Found a transporter.
  7311 | D:8      | Noticed sahdkjhfkaj's ghost (amateur SpBe)
  7326 | D:8      | Found a transporter.
  7423 | D:8      | Killed sahdkjhfkaj's ghost
  7511 | D:9      | Found a shimmering blue altar of Sif Muna.
  8150 | D:9      | Reached XP level 11. HP: 45/107 MP: 10/10
  8289 | D:9      | Reached skill level 15 in Unarmed Combat
  8344 | D:9      | Noticed a two-headed ogre
  8350 | D:9      | Killed a two-headed ogre
  8595 | D:9      | Identified a scroll of acquirement
  8604 | D:10     | Entered Level 10 of the Dungeon
  8604 | D:10     | Found a staircase to the Lair.
  8733 | D:10     | Noticed Urug
  8735 | D:10     | Noticed a two-headed ogre
  8740 | D:10     | HP: 3/107 [Urug/+5 demon trident (28)]
  8923 | D:9      | Acquired 1027 gold pieces
  9106 | D:10     | Noticed Maggie
  9117 | D:10     | Killed Maggie
  9174 | D:10     | Noticed a two-headed ogre
  9178 | D:10     | Killed a two-headed ogre
  9179 | D:10     | Reached skill level 1 in Armour
  9247 | D:10     | Killed Urug
  9394 | D:10     | Found a stormy altar of Qazlal.
 10026 | D:11     | You fall into a shaft and drop 3 floors!
 10048 | D:14     | Noticed Rupert
 10050 | D:14     | Noticed a two-headed ogre
 10064 | D:14     | Killed Rupert
 10065 | D:14     | Reached XP level 12. HP: 90/118 MP: 11/11
 10065 | D:14     | Killed a two-headed ogre
 10066 | D:14     | Noticed a six-headed hydra
 10070 | D:14     | Killed a nine-headed hydra
 10140 | D:14     | Noticed a centaur warrior
 10223 | D:13     | Found a runed translucent gate.
 10223 | D:13     | Found a runed translucent gate.
 10224 | D:13     | Found an ancient bone altar of Kikubaaqudgha.
 10247 | D:12     | Reached skill level 5 in Armour
 10875 | D:11     | Acquired a +2 kite shield of fire resistance
 11276 | D:12     | Noticed a four-headed hydra
 11281 | D:12     | Killed a seven-headed hydra
 11623 | D:12     | Reached skill level 5 in Dodging
 11892 | D:12     | You fall into a shaft and drop 3 floors!
 11892 | D:15     | Entered Level 15 of the Dungeon
 11892 | D:15     | Found a staircase to the Depths.
 11930 | D:15     | Reached XP level 13. HP: 35/128 MP: 12/12
 12188 | D:14     | Identified the +0 chain mail of Resilience {Dex+4}
 12618 | D:13     | Found a runed translucent gate.
 12619 | D:13     | Noticed a lich
 12619 | D:13     | Noticed Orlauf's ghost (journeyman DsGl)
 12619 | D:13     | Noticed Lobster4's ghost (journeyman HaHu)
 12620 | D:13     | Noticed a lich
 12620 | D:13     | Noticed HendSelp's ghost (journeyman GnFi)
 12627 | D:13     | Identified the +5 arbalest of Hehicunenk {vorpal, rPois
                  | rC++ Int+10 Dex+3}
 12849 | D:13     | Found a gate to the Vaults.
 13440 | D:12     | Found a staircase to the Orcish Mines.
 13925 | D:12     | Lost mutation: You are strong-willed. (Will+) [potion of
                  | mutation]
 13925 | D:12     | Lost mutation: You tend to lose your temper in combat.
                  | [potion of mutation]
 13925 | D:12     | Gained mutation: You have a pair of small horns on your
                  | head. [potion of mutation]
 13925 | D:12     | Gained mutation: You are strong-willed. (Will+) [potion of
                  | mutation]
 14010 | D:14     | Noticed Azrael
 14136 | D:14     | Reached skill level 1 in Invocations
 14140 | D:14     | Killed Azrael
 14277 | D:14     | Found a burning altar of Makhleb.
 14362 | D:14     | Reached skill level 10 in Fighting
 14828 | Lair:1   | Entered Level 1 of the Lair of Beasts
 15248 | Lair:1   | Reached XP level 14. HP: 92/143 MP: 15/15
 15679 | Lair:2   | Found a gate leading to a gauntlet.
 15683 | Gauntlet | Entered a Gauntlet
 15683 | Gauntlet | Found a transporter.
 15683 | Gauntlet | Found a transporter.
 15687 | Gauntlet | Found a transporter.
 15696 | Gauntlet | Found a transporter.
 15706 | Gauntlet | Found a transporter.
 15714 | Gauntlet | Found a transporter.
 15745 | Gauntlet | Paralysed by a floating eye for 4 turns
 15815 | Gauntlet | Found a transporter.
 15853 | Gauntlet | Found a transporter.
 15889 | Gauntlet | Found a transporter.
 15952 | Gauntlet | Found a transporter.
 15960 | Gauntlet | Found a transporter.
 15965 | Gauntlet | HP: 4/144 [harpy simulacrum (10)]
 15965 | Gauntlet | Slain by a centaur warrior simulacrum

Illustrated notes

Levels and vault maps discovered:
D:1:      dpeg_arrival_more_subterranean_lakeside_camping, layout_loops_ring,
          hex_large
D:2:      layout_basic, serial_glass, glass_columns_b, glass_columns_a,
          minmay_pentomino_w4
D:3:      layout_basic, lemuel_coloured_pillars_altar,
          chequers_ecumenical_altar_simple_redux, gammafunk_ghost_split
D:4:      layout_rooms, minmay_temple_entry_ruins, kennysheep_decorative_pillar
D:5:      layout_basic, grunt_temple_overflow_open, minmay_misc_feat_doors,
          uniq_blork_the_orc
D:6:      layout_gridville, kennysheep_little_box, portal_sewer_entry_e,
          uniq_prince_ribbit1, uniq_pikel, uniq_crazy_yiuf_cottage
D:7:      layout_layer_cave, uniq_duvessa
D:8:      layout_basic, gammafunk_ghost_stat_death,
          amcnicky_mini_corridor_feature
D:9:      layout_roguey, old_standard_altar
D:10:     layout_roguey, david_lair_shrubbed, nicolae_qazlal_style_of_elements,
          uniq_urug, uniq_maggie
D:11:     layout_layer_cave
D:12:     layout_basic, david_orc_3, minmay_circle_x
D:13:     layout_loops_corners, david_vaults_5, gammafunk_ghost_crypt,
          amcnicky_mini_pool_medium
D:14:     layout_small_grid, lemuel_oklob_altar, uniq_azrael, uniq_rupert
D:15:     gammafunk_depths_entry_grave, layout_long_grid, gammafunk_ghost_arena,
          chequers_serial_rivers_large_b, grunt_ministairs_3
Temple:   nicolae_temple_elliptical
Lair:1:   layout_regular_city, minivault_23, hangedman_lair_generics_rect
Lair:2:   layout_gridlike, spider_nest_entry_funnel_web, gauntlet_entry_generic
Gauntlet: gammafunk_gauntlet_branching [gammafunk_gauntlet_arena_arrow_garden,
          gammafunk_gauntlet_arena_grid, nicolae_gauntlet_swirl,
          gammafunk_gauntlet_arena_crates, gammafunk_gauntlet_arena_corners,
          gammafunk_gauntlet_arena_teeth, gammafunk_gauntlet_arena_hedges,
          gammafunk_gauntlet_arena_spirals, gauntlet_exit_spiral]

Skill      XL: |  1  2  3  4  5  6  7  8  9 10 11 12 13 14 |
---------------+-------------------------------------------+-----
Fighting       | 3 4 5 6 7 8 10 | 10.6
Unarmed Combat | 3 4 6 8 10 12 14 15 | 15.6
Armour         | 4 8 9 |  9.4
Dodging        | 3 5 7 |  7.0
Invocations    | 3 4 |  4.4
Stealth        | |  2.7

Action                   |  1- 3 |  4- 6 |  7- 9 | 10-12 | 13-15 || total
-------------------------+-------+-------+-------+-------+-------++-------
Melee: Unarmed           |     3 |   211 |   305 |   546 |   303 ||  1368
       Punch             |       |     3 |    17 |    58 |    39 ||   117
       Headbutt          |       |       |       |       |    50 ||    50
Invok: Stomp             |       |       |     1 |     2 |     1 ||     4
Evoke: Wand              |       |       |       |     6 |    21 ||    27
  Use: Scroll            |       |       |    15 |     8 |     3 ||    26
       Potion            |       |       |     1 |     2 |     4 ||     7
 Stab: Sleeping          |       |     8 |     6 |    15 |     6 ||    35
       Paralysed         |       |       |    16 |    27 |    16 ||    59
       Distracted        |       |       |       |     1 |       ||     1
Armor: Robe              |       |    55 |    74 |    50 |       ||   179
       Skin              |       |       |     8 |       |       ||     8
       Swamp dragon scal |       |       |       |    97 |   111 ||   208
Dodge: Dodged            |     3 |   119 |   139 |   242 |   201 ||   704

Table legend: (Time is in decaauts)
 A = Elapsed time spent in this place.
 B = Non-inter-level travel time spent in this place.
 C = Inter-level travel time spent in this place.
 D = Time resting spent in this place.
 E = Time spent auto-exploring this place.
 F = Levels seen in this place.
 G = Mean time per level.
                   A        B        C        D        E       F      G
               +--------+--------+--------+--------+--------+-----+--------+
         Total |  15718 |  14728 |    990 |   1200 |  10387 |  20 |  785.9 |
       Dungeon |  13986 |  13053 |    933 |   1090 |   9316 |  15 |  932.4 |
        Temple |    173 |    147 |     26 |      0 |    144 |   1 |  173.0 |
          Lair |    837 |    807 |     30 |     15 |    635 |   2 |  418.5 |
         Sewer |    447 |    447 |      0 |      0 |    291 |   1 |  447.0 |
      Gauntlet |    272 |    272 |      0 |     95 |      1 |   1 |  272.0 |
               +--------+--------+--------+--------+--------+-----+--------+

Top non-repeatable levels by time:
    D:12: 1402 daAuts
    D:11: 1347 daAuts
     D:8: 1303 daAuts
     D:7: 1229 daAuts
    D:13: 1211 daAuts
     D:5: 1101 daAuts
     D:9: 1049 daAuts
     D:3: 1015 daAuts
    D:14: 971 daAuts
    D:10: 803 daAuts
  Lair:1: 769 daAuts
     D:6: 662 daAuts
     D:1: 628 daAuts
     D:2: 614 daAuts
     D:4: 509 daAuts
